 Dungeon Crawl Stone Soup version 0.17.0-23-g0de4337 (webtiles) character file.

10975 JudasIscariot the Basher (level 11, -9/98 HPs)
             Began as a Troll Fighter on Nov 15, 2015.
             Was an Elder of the Shining One.
             Mangled by a hill giant
             ... wielding a +0 giant club
              (22 damage)
             ... on level 11 of the Dungeon.
             The game lasted 00:37:55 (8664 turns).

JudasIscariot the Basher (Troll Fighter)            Turns: 8664, Time: 00:37:55

Health: -9/98      AC: 18    Str: 31    XL:     11   Next: 43%
Magic:  10/10      EV: 12    Int:  4    God:    the Shining One [****..]
Gold:   639        SH:  0    Dex:  9    Spells: 0 memorised, 10 levels left

rFire  + . .     SeeInvis .     J - +2 giant spiked club
rCold  . . .     Clarity  +     E - +2 robe {rF+}
rNeg   + + .     SustAt   .     (shield currently unavailable)
rPois  .         Gourm    +     m - +1 hat
rElec  .         Spirit   .     b - +2 cloak
rCorr  .         Warding  .     (gloves unavailable)
rMut   .         Stasis   .     (boots unavailable)
MR     .....                    (no amulet)
Stlth  +.........               k - +2 ring of strength
                                f - +5 ring of protection

@: glowing, not resistant to hostile enchantments, very unstealthy
A: unfitting armour, claws 3, hooves 1, thin metallic scales 1, clarity, fast
metabolism 3, frail 1, gourmand, mutation resistance 1, regeneration 2, shaggy
fur 1, tough skin 2
a: Divine Shield, Cleansing Flame, Renounce Religion


You were on level 11 of the Dungeon.
You worshipped the Shining One.
The Shining One was greatly pleased with you.
You were completely stuffed.

You visited 1 branch of the dungeon, and saw 11 of its levels.

You collected 658 gold pieces.
You spent 19 gold pieces at shops.

Inventory:

Hand Weapons
 a - a +0 flail
 d - a +0 giant club
 J - a +2 giant spiked club (weapon)
Armour
 b - a +2 cloak (worn)
 c - a +0 shield
 m - a +1 hat (worn)
 y - a +2 cloak
 E - a +2 robe of fire resistance (worn)
Rods
 F - a +2 rod of the swarm (10/10)
   (You found it on level 8 of the Dungeon)
Jewellery
 f - a +5 ring of protection (left claw)
 i - an uncursed ring of positive energy
 j - an uncursed ring of flight
 k - a +2 ring of strength (right claw)
 I - an uncursed ring of ice {unknown}
 S - a +3 ring of protection
Wands
 s - a wand of paralysis (1)
 u - a wand of flame (34)
 A - a wand of fireball (7)
 C - a wand of polymorph (12)
 G - a wand of digging (14)
 K - a wand of draining (4)
 N - a wand of confusion (35)
Scrolls
 h - 3 scrolls of magic mapping
 n - 4 scrolls of identify
 o - 6 scrolls of remove curse
 p - 3 scrolls of enchant armour
 v - 4 scrolls of teleportation {unknown}
 x - a scroll of noise {unknown}
 B - 2 scrolls of recharging {unknown}
 D - a scroll of vulnerability {unknown}
 H - a scroll of acquirement {unknown}
 Q - a scroll of fear {unknown}
Potions
 g - a potion of heal wounds
 z - 2 potions of haste {unknown}
 L - a potion of magic {unknown}
 P - 2 potions of flight {unknown}
 R - a potion of berserk rage {unknown}
Books
 M - a book of Fire

   Spells                             Type                      Level
   a - Ignite Poison                  Fire/Transmutation/Poison    3
   b - Fireball                       Conjuration/Fire             5
   c - Bolt of Fire                   Conjuration/Fire             6
   d - Delayed Fireball               Conjuration/Fire             7
   e - Ring of Flames                 Charms/Fire                  7
Comestibles
 e - 9 bread rations
 l - 7 royal jellies
 q - a chunk of flesh
 r - 4 mutagenic chunks of flesh
 t - 2 beef jerkies
 w - 8 meat rations
 O - 2 slices of pizza


   Skills:
 * Level 7.0 Fighting
 * Level 9.8 Maces & Flails
 * Level 5.7 Throwing
 * Level 9.0 Dodging
 + Level 0.6 Stealth
 - Level 4.0 Shields


You had 10 spell levels left.
You didn't know any spells.

Dungeon Overview and Level Annotations

Branches:
Dungeon (11/15)            Temple (0/1) D:7            Lair (0/8) D:11
    Orc: D:9-12

Altars:
Dithmenos
Gozag
Kikubaaqudgha
Makhleb
Nemelex Xobeh
Ru
Xom
Zin
The Shining One

Shops:
D:6 [


Innate Abilities, Weirdness & Mutations

You are too large for most types of armour.
You have claws for hands.
Your metabolism is lightning-fast.
You like to eat raw meat.
You heal very quickly.
You are covered in fur (AC +1).
You have very tough skin (AC +2).
You have large cloven feet.
You are partially covered in thin metallic scales (AC +2).
You possess an exceptional clarity of mind.
You are frail (-10% HP).
You are somewhat resistant to further mutation.


Message History

* * * LOW HITPOINT WARNING * * *
You hit the hill giant.
You kick the hill giant, but do no damage.
The hill giant is lightly wounded.
The hill giant hits you with a giant club!
* * * LOW HITPOINT WARNING * * *
You sock the hill giant!
You kick the hill giant, but do no damage.
The hill giant is moderately wounded.
The hill giant hits you with a giant club!
* * * LOW HITPOINT WARNING * * *
Drink which item? (? for menu, Esc to quit)
You feel much better.
The hill giant hits you with a giant club!
* * * LOW HITPOINT WARNING * * *
You hit the hill giant.
You kick the hill giant, but do no damage.
The hill giant is moderately wounded.
The hill giant hits you with a giant club!!
You die...

######## ............
........
#....................
#....................
#....................
#....................
#..........<.........
#...C................
.######...@................
...........................
........(..................
######.###################
#.# #.# #.# #.#
######.############ ####


You could see a hill giant.

Vanquished Creatures
  Sonja (D:11)
  2 hill giants
  Pikel (D:7)
  An ugly thing (D:11)
  The ghost of septik the Twirler, a novice GrGl of Okawaru (D:9)
  Joseph (D:7)
  The ghost of puimuR the Cleaver, a novice VSSk of Makhleb (D:10)
  A komodo dragon (D:11)
  A queen bee (D:8)
  A two-headed ogre (D:10)
  3 wyverns
  Eustachio (D:5)
  A hippogriff (D:8)
  A hungry ghost (D:9)
  Menkaure (D:5)
  4 ogres
  2 black bears (D:9)
  4 sky beasts
  An eye of draining (D:10)
  3 orc warriors
  4 ice beasts
  A necrophage (D:8)
  5 giant frogs
  3 centaurs
  Blork the orc (D:5)
  3 big kobolds
  A gnoll sergeant (D:4)
  A wyvern skeleton (D:10)
  21 killer bees
  4 wights (D:9)
  3 scorpions
  8 crimson imps
  A quasit (D:9)
  3 giant frog zombies
  7 jellies
  Crazy Yiuf (D:3)
  9 orc wizards
  6 hounds
  3 orc priests
  3 centaur skeletons
  3 giant frog skeletons
  6 worker ants
  3 iguanas
  A hound zombie (D:9)
  2 hound skeletons
  Robin (D:3)
  12 adders
  17 gnolls
  A worker ant zombie (D:6)
  5 shadow imps
  An ooze (D:3)
  An adder zombie (D:6)
  2 worms
  3 adder skeletons
  A giant gecko (D:4)
  36 orcs
  2 ball pythons
  18 goblins
  11 hobgoblins
  8 quokkas
  3 bats
  3 giant cockroaches
  A giant gecko skeleton (D:7)
  7 giant newts
  15 jackals
  A jackal skeleton (D:5)
  21 kobolds
  3 quokka skeletons
  5 rats
  2 plants (D:11)
315 creatures vanquished.

Vanquished Creatures (others)
  A worker ant (D:7)
1 creature vanquished.

Grand Total: 316 creatures vanquished

Notes
Turn   | Place    | Note
--------------------------------------------------------------
     0 | D:1      | JudasIscariot the Troll Fighter began the quest for the Orb.
     0 | D:1      | Reached XP level 1. HP: 22/22 MP: 0/0
   211 | D:1      | Reached XP level 2. HP: 29/29 MP: 1/1
   782 | D:2      | Reached XP level 3. HP: 36/36 MP: 2/2
   806 | D:2      | Reached skill level 3 in Dodging
   868 | D:2      | Reached XP level 4. HP: 20/44 MP: 3/3
  1432 | D:3      | Reached skill level 1 in Throwing
  1457 | D:3      | Reached XP level 5. HP: 34/50 MP: 4/4
  1501 | D:3      | Found a sparkling altar of Nemelex Xobeh.
  1567 | D:3      | Noticed Robin
  1581 | D:3      | Killed Robin
  1744 | D:3      | Reached skill level 4 in Dodging
  1934 | D:3      | Noticed Crazy Yiuf
  1944 | D:3      | Killed Crazy Yiuf
  2076 | D:3      | Found a glowing golden altar of the Shining One.
  2079 | D:3      | Became a worshipper of the Shining One
  2115 | D:3      | Found an ancient bone altar of Kikubaaqudgha.
  2219 | D:4      | Reached XP level 6. HP: 45/59 MP: 5/5
  2256 | D:4      | Found a glowing silver altar of Zin.
  2299 | D:4      | Found an opulent altar of Gozag.
  2347 | D:4      | Noticed an ogre
  2369 | D:4      | Killed an ogre
  2538 | D:4      | Gained mutation: Your body sometimes deteriorates upon taking damage. [potion of mutation]
  2538 | D:4      | Gained mutation: You are partially covered in thin metallic scales (AC +2). [potion of mutation]
  2538 | D:4      | Gained mutation: You possess an exceptional clarity of mind. [potion of mutation]
  2582 | D:4      | Reached XP level 7. HP: 38/67 MP: 6/6
  2594 | D:4      | Noticed an ogre
  2606 | D:4      | Killed an ogre
  3190 | D:4      | Found a shimmering altar of Xom.
  3231 | D:4      | Reached skill level 5 in Dodging
  3235 | D:4      | Reached * piety under the Shining One
  3484 | D:5      | Entered Level 5 of the Dungeon
  3484 | D:5      | Noticed Eustachio
  3488 | D:5      | Noticed Menkaure
  3491 | D:5      | Reached XP level 8. HP: 76/78 MP: 7/7
  3506 | D:5      | Killed Menkaure
  3532 | D:5      | Killed Eustachio
  3819 | D:5      | Noticed Blork the orc
  3829 | D:5      | Reached skill level 6 in Dodging
  3832 | D:5      | Killed Blork the orc
  3905 | D:5      | Reached skill level 5 in Maces & Flails
  4257 | D:6      | Gained mutation: You are frail (-10% HP). [mutagenic meat]
  4258 | D:6      | Gained mutation: You have large cloven feet. [mutagenic meat]
  4260 | D:6      | Gained mutation: You are somewhat resistant to further mutation. [mutagenic meat]
  4323 | D:6      | Reached XP level 9. HP: 76/76 MP: 8/8
  4355 | D:6      | Reached ** piety under the Shining One
  4437 | D:6      | Lost mutation: Your body sometimes deteriorates upon taking damage. [mutagenic meat]
  4471 | D:6      | Found Velui's Antique Armour Shoppe.
  4553 | D:6      | Bought a glowing robe for 19 gold pieces
  4596 | D:6      | Found a shadowy altar of Dithmenos.
  5014 | D:7      | Noticed Joseph
  5021 | D:7      | Killed Joseph
  5125 | D:7      | Found a staircase to the Ecumenical Temple.
  5160 | D:7      | Found a burning altar of Makhleb.
  5165 | D:7      | Reached skill level 7 in Dodging
  5185 | D:7      | Noticed Pikel
  5194 | D:7      | Killed Pikel
  5194 | D:7      | Reached skill level 5 in Fighting
  5597 | D:8      | Reached XP level 10. HP: 80/86 MP: 9/9
  5704 | D:8      | Reached *** piety under the Shining One
  6046 | D:8      | Reached skill level 8 in Maces & Flails
  6494 | D:8      | Found a sacrificial altar of Ru.
  6866 | D:9      | Noticed septik's ghost (novice GrGl)
  6958 | D:9      | Killed septik's ghost
  6983 | D:9      | Reached skill level 5 in Throwing
  6993 | D:9      | Reached **** piety under the Shining One
  7370 | D:9      | Reached skill level 9 in Maces & Flails
  7542 | D:10     | Entered Level 10 of the Dungeon
  7542 | D:10     | Noticed puimuR's ghost (novice VSSk)
  7545 | D:10     | Killed puimuR's ghost
  7549 | D:10     | Reached XP level 11. HP: 91/96 MP: 8/10
  7659 | D:10     | Noticed a hill giant
  7670 | D:10     | Killed a hill giant
  8249 | D:11     | Noticed a hill giant
  8257 | D:11     | Killed a hill giant
  8395 | D:11     | Noticed Sonja
  8443 | D:11     | Found a staircase to the Lair.
  8453 | D:11     | Killed Sonja
  8458 | D:11     | HP: 2/98 [komodo dragon (12)]
  8654 | D:11     | Noticed a hill giant
  8662 | D:11     | HP: 1/98 [hill giant/giant club (11)]
  8664 | D:11     | Mangled by a hill giant

Action                   |  1- 3 |  4- 6 |  7- 9 | 10-12 || total
-------------------------+-------+-------+-------+-------++-------
Melee: Flail             |   123 |   227 |       |       ||   350
       Giant club        |       |    31 |   253 |   285 ||   569
       Giant spiked club |       |       |       |    45 ||    45
Invok: Divine Shield     |       |       |       |     1 ||     1
  Use: Potion            |       |     5 |       |     7 ||    12
       Scroll            |       |       |     1 |     7 ||     8
  Eat: Chunk             |    13 |    18 |    41 |    43 ||   115
